 Dungeon Crawl Stone Soup version 0.31-a0-204-g7da18cac08 (webtiles) character file.

Game seed: 17408224401079068693

497 qw the Skirmisher (level 6, -7/35 HPs)
             Began as a Deep Elf Hunter on June 27, 2023.
             Killed by divine providence
             ... invoked by an orc priest
              (17 damage)
             ... on level 4 of the Dungeon.
             The game lasted 00:01:05 (3143 turns).

qw the Skirmisher (Deep Elf Hunter)                 Turns: 3143, Time: 00:01:05

Health: -7/35      AC: 12    Str: 10    XL:     6   Next: 93%
Magic:  8/8        EV: 11    Int: 14    God:
Gold:   165        SH:  0    Dex: 18    Spells: 5/5 levels left

rFire   + . .        g - +0 orcbow
rCold   . . .        (shield currently unavailable)
rNeg    . . .        a - +0 ring mail
rPois   .            (no helmet)
rElec   .            f - +2 cloak
rCorr   .            (no gloves)
SInv    .            (no boots)
Will    .....        (no amulet)
Stlth   +            i - ring of protection from fire
HPRegen 0.25/turn    j - +4 ring of protection
MPRegen 0.11/turn

%: no passive effects
@: no status effects
A: no striking features
a: no special abilities


You were on level 4 of the Dungeon.
You visited 1 branch of the dungeon, and saw 4 of its levels.

You collected 165 gold pieces.


   Skills:
 - Level 2.0 Fighting
 + Level 10.0 Ranged Weapons
 - Level 1.0 Armour
 - Level 3.7 Dodging
 - Level 1.2 Stealth


You had 5 spell levels left.
You didn't know any spells.
Your spell library was empty.

Inventory:

Hand Weapons
 g - a +0 orcbow (weapon)
Armour
 a - a +0 ring mail (worn)
 f - a +2 cloak (worn)
Jewellery
 b - the ring of Daisies {Ice rN+ rCorr}
   (You found it on level 3 of the Dungeon)

   [ring of ice]

   It enhances your ice magic.
   rF:        It makes you vulnerable to fire.
   rC:        It protects you from cold.
   rN:        It protects you from negative energy.
   rCorr:     It protects you from acid and corrosion.
 i - a ring of protection from fire (left hand)
 j - a +4 ring of protection (right hand)
Scrolls
 c - a scroll of fog {unknown}
 e - 2 scrolls of identify
Potions
 d - a potion of cancellation
 h - 2 potions of might

Dungeon Overview and Level Annotations

Branches:
Dungeon (4/15)
 Temple: D:4-7

Altars:


Message History

You shoot an arrow.
The arrow hits the orc but does no damage.
You shoot an arrow. The arrow barely misses the orc.
You shoot an arrow. The arrow hits the orc.
The orc is heavily wounded.
You shoot an arrow. The arrow barely misses the orc.
The orc barely misses you.
An orc comes into view. It is wielding a +0 mace.
The orc hits you but does no damage.
You shoot an arrow. The orc shouts!
The arrow hits the orc.
You kill the orc!
You shoot an arrow. The arrow hits the orc!
You kill the orc!
An ufetubus comes into view.
Your Armour skill increases to level 1!
You shoot an arrow. The ufetubus shouts!
The arrow hits the ufetubus but does no damage.
An orc priest comes into view. It is wielding a +0 hand axe.
You shoot an arrow. The arrow misses the ufetubus.
The orc priest mumbles some strange prayers to Beogh against you.
Beogh smites you!
You shoot an arrow. The arrow closely misses the ufetubus.
You shoot an arrow. The arrow misses the ufetubus.
The arrow barely misses the orc priest.
The ufetubus closely misses you. The ufetubus hits you.
You shoot an arrow. The arrow misses the ufetubus.
The arrow hits the orc priest but does no damage.
The ufetubus barely misses you. The ufetubus misses you.
The orc priest calls down the wrath of Beogh upon you.
Beogh smites you!
You shoot an arrow. The arrow hits the ufetubus!
You kill the ufetubus!
You shoot an arrow.
The arrow closely misses the orc priest.
The orc priest invokes the aid of Beogh against you.
Beogh smites you!
You die...

... .). #)# #.# #o# #?#
#)###### ### #@##... ..#
#####.##.# #.#######
#........# #.#.....#
........##.#####.#.###.#
###.##...#.#.........#.#
# #........###.#.#.#.#
.##...#.### #.#.....#
........#####.###.###
####.##.......# #.##


You could see an orc priest.

Vanquished Creatures
  Eustachio (D:4)
  An ogre (D:4)
  A centaur (D:4)
  A hound (D:4)
  A sleepcap (D:4)
  3 gnolls (D:4)
  2 adders
  An ufetubus (D:4)
  2 dart slugs
  10 orcs
  8 endoplasms
  3 giant cockroaches
  6 goblins
  2 hobgoblins
  11 jackals
  4 quokkas
  5 ball pythons
  3 bats
  3 frilled lizards
  6 kobolds
  7 rats
81 creatures vanquished.

Notes
Turn   | Place    | Note
-------+----------+-------------------------------------------
     0 | D:1      | qw the Deep Elf Hunter began the quest for the Orb.
     0 | D:1      | Reached XP level 1. HP: 12/12 MP: 3/3
     0 | D:1      | 0 ||| qw: Version: 0.3-a-22-g0ed2b0b
     0 | D:1      | 0 ||| qw: Game counter: 6447
     0 | D:1      | 0 ||| qw: Melee chars always use a shield: true
     0 | D:1      | 0 ||| qw: God list: Okawaru
     0 | D:1      | 0 ||| qw: Allow faded altars: false
     0 | D:1      | 0 ||| qw: Do Orc after clearing Dungeon:15 true
     0 | D:1      | 0 ||| qw: Do second Lair branch before Depths: true
     0 | D:1      | 0 ||| qw: Lair rune preference: random
     0 | D:1      | 0 ||| qw: Goals: Normal
     0 | D:1      | 0 ||| PLANNING D:1-11
   119 | D:1      | Reached XP level 2. HP: 16/16 MP: 4/4
   185 | D:1      | Reached skill level 6 in Ranged Weapons
   796 | D:1      | 796 ||| DROPPING scroll of butterflies.
   830 | D:2      | Reached XP level 3. HP: 20/20 MP: 5/5
   915 | D:2      | Reached skill level 7 in Ranged Weapons
  1308 | D:2      | Found a faded altar of an unknown god.
  1343 | D:2      | 1343 ||| Stepping ~*~*~tactically~*~*~ (water).
  1374 | D:2      | 1374 ||| UPGRADING to +2 cloak.
  1379 | D:2      | 1379 ||| UPGRADING to +0 scale mail.
  1389 | D:2      | 1389 ||| DROPPING +0 leather armour.
  1390 | D:2      | 1390 ||| UPGRADING to ring of protection from fire.
  1391 | D:2      | 1391 ||| UPGRADING to +4 ring of protection.
  1392 | D:2      | 1392 ||| READING scroll labelled XUOTRI QYMAMP.
  1396 | D:2      | 1396 ||| READING 3 scrolls labelled GOROOCW PATS.
  1397 | D:2      | 1397 ||| READING scroll labelled TIEFEE TURUM.
  1398 | D:2      | 1398 ||| DRINKING 2 fuming ruby potions.
  1399 | D:2      | 1399 ||| READING 2 scrolls of identify.
  1399 | D:2      | 1399 ||| IDENTIFYING red potion
  1459 | D:3      | Reached XP level 4. HP: 25/25 MP: 6/6
  1541 | D:3      | Identified the ring of Daisies {Ice rN+ rCorr}
  2260 | D:3      | 2260 ||| UPGRADING to +0 ring mail.
  2270 | D:3      | 2270 ||| DROPPING +0 scale mail.
  2377 | D:4      | Noticed Eustachio
  2384 | D:4      | 2384 ||| FLEEEEING.
  2392 | D:4      | 2392 ||| FLEEEEING.
  2416 | D:4      | Killed Eustachio
  2417 | D:4      | Reached skill level 9 in Ranged Weapons
  2417 | D:4      | Reached XP level 5. HP: 13/29 MP: 7/7
  2672 | D:4      | Reached XP level 6. HP: 35/35 MP: 8/8
  2778 | D:4      | Reached skill level 10 in Ranged Weapons
  2887 | D:4      | 2887 ||| SWAPPING to +0 orcbow.
  2888 | D:4      | 2888 ||| DROPPING +0 shortbow.
  2892 | D:4      | HP: 8/35 [ogre/+0 giant spiked club (9)]
  2895 | D:4      | Reached skill level 3 in Dodging
  3137 | D:4      | Reached skill level 1 in Armour
  3143 | D:4      | Killed from afar by an orc priest

Levels and vault maps discovered:
D:1:      dpeg_arrival_stonehenge_12_columns, layout_loops_corners
D:2:      layout_loops_ring, dreamdust_ecumenical_altar_angels_and_demons,
          corner_web_ring, chequers_serial_rivers_marsh
D:3:      layout_basic, kennysheep_generic_room_9
D:4:      layout_loops_corners, uniq_eustachio

Skill      XL: |  1  2  3  4  5  6 |
---------------+-------------------+-----
Ranged Weapons | 6 7 9 10 | 10.0
Fighting       | 2 |  2.0
Dodging        | 3 |  3.7
Armour         | 1 |  1.0
Stealth        | |  1.2

Action                     |  1- 3 |  4- 6 || total
---------------------------+-------+-------++-------
   Fire: Shortbow          |   109 |   106 ||   215
         Orcbow            |       |    34 ||    34
    Use: Scroll            |     4 |       ||     4
         Potion            |     1 |       ||     1
 Armour: Leather armour    |     4 |       ||     4
         Scale mail        |     2 |     4 ||     6
         Ring mail         |       |    25 ||    25
  Dodge: Dodged            |    11 |    54 ||    65

Table legend:
 A = Non-vault XP
 B = Vault XP
 C = Vault XP percentage of total XP
 D = Non-vault monster count
 E = Vault monster count
 F = Vault count percentage of total count
                 A         B        C        D         E       F
            +---------+---------+-------+---------+---------+-------
      Total |     517 |     193 |  27.2 |      79 |       2 |   2.5
            +---------+---------+-------+---------+---------+-------
        D:1 |      37 |       0 |   0.0 |      21 |       0 |   0.0
        D:2 |      56 |       0 |   0.0 |      24 |       0 |   0.0
        D:3 |      24 |       2 |   7.7 |      13 |       1 |   7.1
        D:4 |     400 |     191 |  32.3 |      21 |       1 |   4.5
            +---------+---------+-------+---------+---------+-------
